 Dungeon Crawl Stone Soup version 0.29-a0-303-ge4682ce883 (webtiles) character file.

Game seed: 11341862922767746684

684 Dabor the Chopper (level 7, 0/61 HPs)
             Began as a Hill Orc Monk on Mar 24, 2022.
             Was a Believer of Beogh.
             Slain by a river rat (4 damage)
             ... on level 5 of the Dungeon on Mar 25, 2022.
             The game lasted 00:08:24 (6533 turns).

Dabor the Chopper (Hill Orc Monk)                   Turns: 6533, Time: 00:08:25

Health: 0/61       AC:  8    Str: 14 (16) XL:     7   Next: 62%
Magic:  10/10      EV: 11    Int:  9 (10) God:    Beogh [**....]
Gold:   251        SH:  0    Dex: 11 (13) Spells: 6/6 levels left

rFire   . . .      SeeInvis .   o - +2 hand axe (freeze)
rCold   . . .      Faith    .   (no shield)
rNeg    . . .      Spirit   .   e - +0 ring mail
rPois   .          Reflect  .   (no helmet)
rElec   .          Harm     .   d - +2 cloak
rCorr   .          Rampage  .   (no gloves)
Will    .....                   (no boots)
Stlth   +.........              (no amulet)
HPRegen 0.20/turn               f - ring of flight
MPRegen 0.12/turn               (no ring)

@: weak-willed, flying, hasted, very quick
A: no striking features
a: Renounce Religion, Smiting


You were on level 5 of the Dungeon.
You worshipped Beogh.
Beogh was pleased with you.
You visited 1 branch of the dungeon, and saw 5 of its levels.

You collected 251 gold pieces.

Inventory:

Hand Weapons
 a - a +0 hand axe
 o - a +2 hand axe of freezing (weapon)
Missiles
 l - 7 poisoned darts (quivered)
 q - a throwing net
Armour
 b - a +0 robe
 d - a +2 cloak (worn)
 e - a +0 ring mail (worn)
Jewellery
 f - a ring of flight (left hand)
Scrolls
 c - a scroll of amnesia
 h - a scroll of teleportation
 s - a scroll of enchant armour
Potions
 g - 4 potions of curing
 k - a potion of flight
 m - a potion of might {unknown}
 p - a potion of attraction {unknown}
 r - a potion of heal wounds {unknown}


   Skills:
 + Level 5.4 Fighting
 + Level 5.9 Axes
 + Level 1.9 Throwing
 + Level 2.3 Armour
 + Level 3.7 Dodging
 - Level 2.5 Stealth
 * Level 4.4 Invocations


You had 6 spell levels left.
You didn't know any spells.
Your spell library contained the following spells:

 Spells                   Type           Power      Damage    Failure   Level
 Apportation              Tloc           0%         N/A       63%         1
 Static Discharge         Conj/Air       0%         N/A       77%         2
 Alistair's Intoxication  Tmut/Pois      0%         N/A       100%        5
 Lightning Bolt           Conj/Air       0%         1d11      100%        5
 Maxwell's Capacitive Co  Air            0%         ∞         100%        8


Dungeon Overview and Level Annotations

Branches:
Dungeon (5/15)             Temple (0/1) D:5

Altars:
Yredelemnul
Zin


Message History

The river rat is heavily wounded.
The river rat bites you.
You hit the river rat. You freeze the river rat.
You kill the river rat!
Beogh accepts your kill.
You slash the ogre! You freeze the ogre.
The ogre is heavily wounded.
The ogre barely misses you.
You closely miss the ogre.
The ogre is heavily wounded.
A quokka comes into view.
A river rat comes into view.
You hit the ogre. You freeze the ogre.
The ogre is severely wounded.
The ogre hits you with a +0 giant club!!
* * * LOW HITPOINT WARNING * * *
You are too injured to fight recklessly!
You are too injured to fight recklessly!
You are too injured to fight recklessly!
You feel better. The ogre hits you with a +0 giant club!
* * * LOW HITPOINT WARNING * * *
As you read the scroll labelled FOSIHE WEOBEMYN, it crumbles to dust.
Magic quickly surges around you.
It was a scroll of vulnerability.
A rat comes into view.
The river rat barely misses you.
It was a potion of haste.
You feel yourself speed up. The ogre closely misses you.
The river rat bites you.
* * * LOW HITPOINT WARNING * * *
You hit the ogre but do no damage.
The ogre is severely wounded.
You closely miss the river rat. The ogre hits you but does no damage.
The river rat misses you.
You slash the ogre! You freeze the ogre.
You kill the ogre!
Beogh accepts your kill.
You barely miss the river rat.
It was a potion of degeneration.
There was something very wrong with that liquid.
You feel weakened.
You feel dopey.
You feel clumsy. The river rat bites you.
You die...

#.## ## ##
#.####.
#..##..#.
#.##.#.#
#.#.#.#
#..††#
#...#.#
#.#.r##.#
..#.##@#.#
#.#### #)#
. # ##h .
r. .. ...
.... #####


You could see a black bear (weak-willed), a river rat (weak-willed) and a quokka
(weak-willed).

Vanquished Creatures
  An ogre (D:5)
  2 scorpions (D:5)
  A howler monkey (D:4)
  A hound (D:4)
  A jelly (D:4)
  3 iguanas
  A hound zombie (D:5)
  A howler monkey skeleton (D:5)
  11 gnolls
  7 adders
  3 river rats (D:5)
  An ufetubus (D:4)
  3 worms
  6 dart slugs
  4 orcs
  5 endoplasms
  A giant cockroach (D:4)
  4 hobgoblins
  A kobold (D:3)
  7 quokkas
  6 ball pythons
  4 bats
  2 frilled lizards (D:3)
  5 goblins
  9 rats
  A spectral orc (D:3)
91 creatures vanquished.

Vanquished Creatures (others)
  An orc wizard (D:3)
  An orc (D:3)
  A plant (D:5)
  A withered plant (D:5)
4 creatures vanquished.

Grand Total: 95 creatures vanquished

Notes
Turn   | Place    | Note
-------+----------+-------------------------------------------
     0 | D:1      | Dabor the Hill Orc Monk began the quest for the Orb.
     0 | D:1      | Reached XP level 1. HP: 19/19 MP: 1/1
   741 | D:1      | Reached XP level 2. HP: 22/27 MP: 2/2
  2212 | D:2      | Reached XP level 3. HP: 22/33 MP: 3/3
  2643 | D:2      | Reached XP level 4. HP: 25/41 MP: 4/4
  2793 | D:2      | Found a faded altar of an unknown god.
  3053 | D:3      | Found a basalt altar of Yredelemnul.
  3257 | D:3      | Found a glowing silver altar of Zin.
  3549 | D:3      | Became a worshipper of Beogh the Brigand
  3549 | D:3      | Reached * piety under Beogh
  3549 | D:3      | Reached ** piety under Beogh
  3635 | D:3      | Reached skill level 5 in Axes
  3690 | D:3      | Reached XP level 5. HP: 47/47 MP: 5/5
  4262 | D:4      | Reached skill level 1 in Invocations
  4496 | D:4      | Reached skill level 1 in Armour
  4636 | D:4      | Reached XP level 6. HP: 45/55 MP: 7/7
  4793 | D:4      | Reached skill level 1 in Throwing
  5052 | D:4      | Reached skill level 5 in Fighting
  5268 | D:5      | Entered Level 5 of the Dungeon
  5717 | D:5      | Reached XP level 7. HP: 34/61 MP: 9/9
  6415 | D:5      | Found a staircase to the Ecumenical Temple.
  6533 | D:5      | Slain by a river rat

Illustrated notes

Levels and vault maps discovered:
D:1:      dpeg_arrival_boxes_within_box, layout_basic, feat_on_display
D:2:      layout_rooms, shapermc_ecumenical_altar_mp_highgroup
D:3:      layout_basic, nicolae_overflow_crystal_walls,
          yredelemnul_forgotten_temple_becter, grunt_decor_fettered
D:4:      minmay_skewed_foursquare, layout_basic
D:5:      lemuel_ratsnest, layout_basic, mainiacjoe_overflow_boulevard,
          minmay_temple_entry_junction, gammafunk_ghost_nasty_kobolds,
          serial_undead, serial_undead_b, serial_undead_b, serial_undead_e,
          serial_undead_d, serial_undead_a

Skill      XL: |  1  2  3  4  5  6  7 |
---------------+----------------------+-----
Fighting       | 4 5 |  5.4
Stealth        | 2 |  2.5
Dodging        | 3 |  3.7
Axes           | 5 |  5.9
Invocations    | 2 3 4 |  4.4
Armour         | 1 2 |  2.3
Throwing       | 1 |  1.9

Action                   |  1- 3 |  4- 6 |  7- 9 || total
-------------------------+-------+-------+-------++-------
Melee: Hand axe          |   110 |   191 |    50 ||   351
       Punch             |       |     1 |     1 ||     2
Throw: Dart              |       |    15 |       ||    15
Invok: Convert to Beogh  |       |     1 |       ||     1
  Use: Potion            |     4 |       |     3 ||     7
       Scroll            |     2 |       |     2 ||     4
 Stab: Sleeping          |     1 |     6 |       ||     7
Armor: Robe              |    14 |       |       ||    14
       Ring mail         |     5 |    82 |    19 ||   106
Dodge: Dodged            |    80 |   110 |    25 ||   215

Table legend: (Time is in decaauts)
 A = Elapsed time spent in this place.
 B = Non-inter-level travel time spent in this place.
 C = Inter-level travel time spent in this place.
 D = Time resting spent in this place.
 E = Time spent auto-exploring this place.
 F = Levels seen in this place.
 G = Mean time per level.
                   A        B        C        D        E       F      G
               +--------+--------+--------+--------+--------+-----+--------+
         Total |   6554 |   6184 |    370 |   1382 |   3781 |   5 | 1310.8 |
       Dungeon |   6554 |   6184 |    370 |   1382 |   3781 |   5 | 1310.8 |
               +--------+--------+--------+--------+--------+-----+--------+

Top non-repeatable levels by time:
     D:1: 2082 daAuts
     D:4: 1953 daAuts
     D:3: 1322 daAuts
     D:2: 838 daAuts
     D:5: 357 daAuts
